 Dungeon Crawl Stone Soup version 0.29-a0-222-g5b244fca1f (webtiles) character file.

Game seed: 9745370926962685030

193 siradein the Skirmisher (level 5, -1/47 HPs)
             Began as a Ghoul Fighter on Feb 28, 2022.
             Slain by a river rat (4 damage)
             ... in a sewer.
             The game lasted 00:07:49 (3417 turns).

siradein the Skirmisher (Ghoul Fighter)             Turns: 3417, Time: 00:07:50

Health: -1/47      AC: 11    Str: 22    XL:     5   Next: 72%
Magic:  4/4        EV:  6    Int:  3    God:
Gold:   157        SH:  4    Dex:  8    Spells: 4/4 levels left

rFire   . . .      SeeInvis .   a - +0 long sword
rCold   + . .      Faith    .   c - +0 buckler
rNeg    + + +      Spirit   .   j - +0 plate armour {rPois}
rPois   ∞          Reflect  .   (no helmet)
rElec   .          Harm     .   o - scarf {+Inv}
rCorr   .          Rampage  .   (no gloves)
Will    .....                   (no boots)
Stlth   ..........              (no amulet)
HPRegen 0.00/turn               (no ring)
MPRegen 0.09/turn               (no ring)

@: inhibited regen
A: claws 1, cold resistance 1, negative energy resistance 3, inhibited
regeneration, torment resistance 2
a: Evoke Invisibility


You were in a sewer.
You visited 1 branch of the dungeon, and saw 3 of its levels.
You also visited: Sewer.

You collected 157 gold pieces.

Inventory:

Hand Weapons
 a - a +0 long sword (weapon)
Missiles
 v - a curare-tipped dart (quivered)
Armour
 c - a +0 buckler (worn)
 j - a +0 plate armour of poison resistance (worn)
 o - a scarf of invisibility (worn)
Wands
 u - a wand of iceblast (12)
Scrolls
 b - a scroll of fear {unknown}
 g - 2 scrolls of amnesia {unknown}
 h - 6 scrolls of identify {unknown}
 i - a scroll of magic mapping {unknown}
 l - a scroll of enchant weapon {unknown}
 n - a scroll of holy word {unknown}
 p - a scroll of fog {unknown}
 q - 2 scrolls of teleportation {unknown}
 r - a scroll of vulnerability {unknown}
 s - 2 scrolls of brand weapon {unknown}
Potions
 d - 2 potions of might
 e - a potion of attraction {unknown}
 f - a potion of heal wounds {unknown}
 k - a potion of ambrosia {unknown}
 m - a potion of curing {unknown}
 t - a potion of cancellation {unknown}
 w - a potion of magic {unknown}


   Skills:
 + Level 4.4 Fighting
 + Level 2.9 Long Blades
 + Level 3.7 Armour
 + Level 3.6 Shields


You had 4 spell levels left.
You didn't know any spells.
Your spell library was empty.

Dungeon Overview and Level Annotations

Branches:
Dungeon (3/15)              Sewer (1/1)

Altars:


Innate Abilities, Weirdness & Mutations

You thrive by killing the living.
You are immune to poison.
You have sharp fingernails.
Your flesh is cold resistant. (rC+)
You are immune to negative energy. (rN+++)
You do not regenerate when monsters are visible.
You are immune to unholy pain and torment.


Message History

You hit the river rat but do no damage.
The river rat is severely wounded.
The river rat bites you but does no damage.
You hit the river rat.
You kill the river rat!
You feel better.
A frilled lizard comes into view.
You see here a rat corpse.
You closely miss the river rat. The river rat barely misses you.
You hit the river rat.
The river rat is moderately wounded.
The river rat bites you.
* * * LOW HITPOINT WARNING * * *
You barely miss the river rat.
The river rat is moderately wounded.
The river rat bites you.
* * * LOW HITPOINT WARNING * * *
The rat bites you but does no damage. The river rat bites you!
* * * LOW HITPOINT WARNING * * *
Unknown command.
You closely miss the rat. You block the rat's attack.
You see here a rat corpse.
The frilled lizard barely misses you.
You closely miss the frilled lizard. You block the frilled lizard's attack.
You block the river rat's attack. The frilled lizard bites you.
* * * LOW HITPOINT WARNING * * *
The frilled lizard closely misses you. The frilled lizard barely misses you.
The frilled lizard completely misses you.
You see here a rat corpse.
Okay, then.
You slash the frilled lizard!
You kill the frilled lizard!
You see here a rat corpse.
You see here a frilled lizard corpse.
You see here a rat corpse.
You see here a frilled lizard corpse.
The river rat bites you.
You die...

≈≈≈≈.≈............≈≈.....≈≈≈≈≈≈≈#
≈≈≈≈†.≈÷≈.....≈.≈≈≈≈≈≈≈≈≈≈≈≈≈≈≈≈#
≈≈≈≈≈≈≈≈...≈.≈≈≈≈≈≈≈≈≈≈≈≈≈≈≈≈≈≈≈≈
≈≈≈≈≈≈≈≈≈≈≈≈≈≈≈≈≈≈≈≈≈≈≈≈≈≈≈≈≈≈≈≈≈
≈≈≈≈≈≈≈≈≈≈≈≈≈≈≈≈≈≈≈≈≈≈≈≈≈≈≈≈≈≈≈≈≈
≈≈≈≈≈≈.≈≈≈.≈.≈.≈≈≈≈≈≈≈≈≈≈≈≈≈≈≈≈≈≈
≈≈≈.≈...........≈...≈≈##
≈≈....##...............## ≈
.....####.......@##.....##..
.......##......r###.........
.................###†.......
.###.....####...r....####..
###..## ###.....## #### #######


You could see a river rat.

Vanquished Creatures
  A kobold brigand (Sewer)
  2 adders
  3 river rats (Sewer)
  2 worms
  An orc (D:3)
  8 ball pythons
  3 endoplasms
  4 giant cockroaches
  7 goblins
  A hobgoblin (D:2)
  14 kobolds
  3 quokkas
  3 bats
  7 frilled lizards
  18 rats
77 creatures vanquished.

Notes
Turn   | Place    | Note
-------+----------+-------------------------------------------
     0 | D:1      | siradein the Ghoul Fighter began the quest for the Orb.
     0 | D:1      | Reached XP level 1. HP: 19/19 MP: 0/0
   324 | D:1      | Reached XP level 2. HP: 26/26 MP: 1/1
   816 | D:1      | Reached XP level 3. HP: 31/31 MP: 2/2
  1212 | D:2      | Found a faded altar of an unknown god.
  2170 | D:3      | Reached XP level 4. HP: 23/40 MP: 3/3
  2503 | D:3      | Found a glowing drain.
  2522 | Sewer    | Entered a sewer
  2677 | Sewer    | Reached skill level 4 in Fighting
  2881 | Sewer    | Noticed a kobold brigand
  2893 | Sewer    | Killed a kobold brigand
  2894 | Sewer    | Reached XP level 5. HP: 43/46 MP: 4/4
  3379 | Sewer    | HP: 2/47 [frilled lizard (2)]
  3417 | Sewer    | Slain by a river rat

Illustrated notes

Levels and vault maps discovered:
D:1:      wander_arrival_chamber, layout_loops_corners
D:2:      layout_basic, dreamdust_ecumenical_altar_statues, kennysheep_boxes
D:3:      layout_loops_cross, portal_sewer_entry_d, uniq_sigmund
Sewer:    sewer_minmay_treatment

Skill      XL: |  1  2  3  4 |
---------------+-------------+-----
Long Blades    | 2 |  2.9
Armour         | 3 |  3.7
Shields        | 3 |  3.6
Fighting       | 4 |  4.4

Action                   |  1- 3 |  4- 6 || total
-------------------------+-------+-------++-------
Melee: Long sword        |   133 |   129 ||   262
Armor: Scale mail        |    30 |       ||    30
       Plate armour      |    63 |   125 ||   188
Dodge: Dodged            |    42 |    52 ||    94
Block: Buckler           |    29 |    29 ||    58

Table legend: (Time is in decaauts)
 A = Elapsed time spent in this place.
 B = Non-inter-level travel time spent in this place.
 C = Inter-level travel time spent in this place.
 D = Time resting spent in this place.
 E = Time spent auto-exploring this place.
 F = Levels seen in this place.
 G = Mean time per level.
                   A        B        C        D        E       F      G
               +--------+--------+--------+--------+--------+-----+--------+
         Total |   3510 |   3467 |     43 |    268 |   2444 |   4 |  877.5 |
       Dungeon |   2579 |   2536 |     43 |      0 |   2070 |   3 |  859.7 |
         Sewer |    930 |    930 |      0 |    268 |    374 |   1 |  930.0 |
               +--------+--------+--------+--------+--------+-----+--------+

Top non-repeatable levels by time:
     D:1: 1031 daAuts
     D:2: 1003 daAuts
   Sewer: 930 daAuts
     D:3: 543 daAuts
